Map: Ruins of Seras

Players

EnvyusViolet (viOLet) - Winner!

  • Race: Zerg Zerg
  • League: Grandmaster

iGXiGua (XiGua)

  • Race: Zerg Zerg

Event: 2016 WCS Winter Circuit Championship

VOD

Have the link to the VOD?

Description

Time

  • Played on: March 2, 2016, 12:16 p.m.
  • Length: 6:49

All games in this series

Show
View Real Time Build Order
Export as new Build Order

EnvyusViolet Zerg - Winner!

Build Orders: Hatch First 

Get SALT Encoding   

  12  0:00  Drone  
  13  0:12  Overlord  
  13  0:18  Drone  
  14  0:31  Drone x2  
  14  0:34  Drone  
  17  0:53  Hatchery  
  17  0:57  Drone  
  17  1:00  Drone  
  18  1:09  Extractor  
  18  1:10  Drone  
  18  1:21  Spawning Pool  
  18  1:22  Drone  
  18  1:28  Drone  
  19  1:40  Overlord  
  19  1:50  Drone  
  20  2:03  Drone  
  20  2:05  Drone  
  20  2:07  Queen x2  
  26  2:09  Metabolic Boost  
  26  2:16  Zergling x2  
  26  2:21  Spine Crawler  
  26  2:23  Drone  
  26  2:27  Drone  
  28  2:33  Drone  
  29  2:38  Drone  
  29  2:43  Queen  
  32  2:49  Overlord  
  32  2:50  Drone  
  33  2:55  Drone  
  34  2:59  Drone  
  34  3:05  Drone  
  36  3:19  Zergling x4  
  39  3:20  Zergling x2  
  39  3:22  Hatchery, Zergling x2  
  39  3:26  Zergling x2  
  39  3:28  Overlord  
  39  3:32  Zergling x2  
  40  3:36  Zergling x4  
  42  3:42  Zergling x4  
  42  3:48  Zergling x2  
  41  3:57  Zergling x8  
  41  4:02  Roach Warren  
  44  4:03  Drone x2  
  44  4:07  Drone x2  
  48  4:11  Overlord  
  48  4:19  Drone  
  48  4:20  Drone  
  49  4:26  Drone  
  49  4:27  Drone x2  
  49  4:30  Drone  
  50  4:31  Drone  
  50  4:36  Drone  
  50  4:43  Roach x4  
  50  4:44  Overlord  
  57  4:49  Roach  
  59  4:57  Roach  
  59  4:59  Roach x2  
  65  5:00  Roach  
  65  5:04  Roach x2  
  67  5:07  Roach x2  
  67  5:08  Overlord  
  67  5:13  Overlord  
  71  5:20  Zergling x2  
  71  5:21  Zergling x4  
  74  5:23  Lair  
  74  5:25  Overlord  
  74  5:28  Zergling x2  
  74  5:29  Zergling x2  
  74  5:31  Zergling x2  
  74  5:33  Zergling x2  
  74  5:34  Zergling x2  
  79  5:36  Zergling x4  
  79  5:38  Zergling x2  
  82  5:43  Overlord  
  82  5:45  Zergling x4  
  82  5:46  Zergling x2  
  82  5:48  Zergling x4  
  87  5:52  Zergling x4  
  87  5:56  Zergling x4  
  91  6:01  Zergling x2  
  91  6:05  Zergling x2  
  91  6:11  Zergling x20  
  97  6:19  Zergling x2  
  97  6:24  Extractor, Spire  
  97  6:25  Zergling x4  
  89  6:29  Drone x3  
  89  6:30  Drone  
  89  6:32  Drone  
  89  6:36  Extractor, Drone  
  89  6:37  Extractor  
Show
View Real Time Build Order
Export as new Build Order

iGXiGua Zerg 

Build Orders: Hatch First 

Get SALT Encoding   

  12  0:00  Drone  
  13  0:08  Drone  
  14  0:17  Overlord  
  14  0:25  Extractor  
  14  0:26  Drone  
  15  0:36  Drone x2  
  17  0:53  Hatchery  
  17  0:56  Drone  
  17  1:00  Drone  
  18  1:04  Extractor  
  17  1:15  Spawning Pool  
  17  1:18  Drone  
  17  1:22  Drone  
  18  1:28  Drone  
  19  1:37  Overlord  
  19  2:01  Zergling x2  
  19  2:02  Queen, Zergling x2  
  19  2:05  Metabolic Boost  
  19  2:06  Queen  
  25  2:11  Drone  
  25  2:14  Drone  
  27  2:17  Drone  
  28  2:27  Baneling Nest, Drone  
  28  2:33  Drone  
  28  2:36  Overlord  
  29  2:38  Drone  
  30  2:58  Hatchery  
  30  3:05  Zergling x6  
  32  3:07  Zergling x2  
  32  3:08  Zergling x2  
  32  3:12  Zergling x2  
  35  3:14  Baneling x2  
  35  3:15  Baneling  
  35  3:19  Zergling x4  
  37  3:25  Baneling  
  37  3:29  Overlord  
  37  3:32  Drone x2  
  37  3:33  Drone  
  40  3:36  Drone  
  40  3:39  Drone  
  42  3:42  Drone  
  42  3:43  Drone  
  43  3:50  Drone  
  43  3:51  Drone  
  42  3:59  Baneling  
  41  4:03  Drone x3  
  41  4:04  Queen  
  41  4:05  Extractor  
  41  4:07  Overlord  
  45  4:11  Overlord  
  45  4:16  Drone x2  
  47  4:20  Zergling x4  
  47  4:26  Zergling x6  
  49  4:33  Drone  
  49  4:34  Lair  
  50  4:38  Drone  
  50  4:41  Queen  
  50  4:43  Drone  
  52  4:46  Drone x2  
  54  4:54  Drone  
  54  4:55  Drone  
  54  4:56  Roach Warren, Drone  
  54  4:57  Drone  
  54  4:58  Drone  
  58  5:01  Extractor  
  58  5:02  Overlord  
  57  5:08  Extractor, Queen  
  57  5:11  Overlord  
  57  5:15  Drone x2  
  57  5:19  Drone  
  57  5:20  Overlord  
  60  5:22  Drone x2  
  60  5:24  Drone  
  60  5:27  Drone x2  
  60  5:28  Drone  
  66  5:33  Evolution Chamber  
  65  5:36  Roach  
  65  5:38  Roach  
  65  5:41  Roach  
  71  5:44  Roach  
  71  5:48  Roach x2  
  75  5:50  Roach  
  75  5:52  Roach  
  75  5:55  Roach x2  
  83  5:58  Roach  
  83  5:59  Drone  
  83  6:01  Roach  
  83  6:02  Roach  
  90  6:08  Roach  
  90  6:10  Roach  
  89  6:13  Overlord, Zergling x2, Roach  
  86  6:18  Roach  
  86  6:20  Roach x2  
  86  6:23  Zergling x2, Roach  
  82  6:28  Roach x2  
  82  6:29  Roach  
Tags
 
Add a new tag
Caveats
  • Supply blocks, unpowered buildings, or Contaminate may cause inaccurate times.
  • Supply counts are checked every 10 seconds.